 Dungeon Crawl Stone Soup version 0.29.0-11-gd7f09526c8 (webtiles) character file.

Game seed: 10077678947461089901

372 blackman the Chopper (level 7, -4/49 (52) HPs)
             Began as a Human Monk on Sept 3, 2022.
             Splashed by a jelly's acid (5 damage)
             ... on level 4 of the Dungeon.
             The game lasted 00:15:38 (6272 turns).

blackman the Chopper (Human Monk)                   Turns: 6272, Time: 00:15:39

HP:   -4/49 (52)    AC: -2    Str: 13    XL:     7   Next: 2%
MP:   7/7           EV: 10    Int: 10    God:
Gold: 226           SH:  0    Dex: 16    Spells: 6/6 levels left

rFire   . . .      SeeInvis .   C - +0 battleaxe
rCold   . . .      Faith    .   (shield currently unavailable)
rNeg    . . .      Spirit   .   u - +0 scale mail
rPois   +          Reflect  .   (no helmet)
rElec   .          Harm     .   (no cloak)
rCorr   .          Rampage  .   (no gloves)
Will    .....                   (no boots)
Stlth   +.........              (no amulet)
HPRegen 0.16/turn               c - ring of poison resistance
MPRegen 0.10/turn               (no ring)

@: corroded, drained
A: no striking features
a: no special abilities


You were on level 4 of the Dungeon.
You visited 1 branch of the dungeon, and saw 5 of its levels.

You collected 226 gold pieces.

Inventory:

Hand Weapons
 a - a +0 hand axe
 i - a +0 whip
 r - a +0 war axe
 y - a +2 vorpal flail
 C - a +0 battleaxe (weapon)
Missiles
 e - 5 poisoned darts (quivered)
Armour
 b - a +0 robe
 u - a +0 scale mail (worn)
 B - a +0 buckler
Jewellery
 c - a ring of poison resistance (left hand)
Scrolls
 d - a scroll of amnesia {unknown}
 f - 4 scrolls of teleportation
 j - 2 scrolls of noise {unknown}
 q - 2 scrolls of poison {unknown}
 t - a scroll of enchant weapon {unknown}
 x - a scroll of immolation {unknown}
 A - 2 scrolls of brand weapon {unknown}
Potions
 g - 3 potions of curing
 h - 2 potions of haste
 k - 2 potions of cancellation
 l - 2 potions of heal wounds
 m - 2 potions of flight
 o - a potion of lignification {unknown}
 s - a potion of resistance {unknown}
 v - 2 potions of degeneration
 w - a potion of attraction {unknown}
 z - a potion of brilliance {unknown}


   Skills:
 - Level 3.0 Fighting
 * Level 6.6(6.9) Axes
 - Level 2.7(5.0) Maces & Flails
 - Level 3.0 Dodging
 - Level 2.0 Stealth


You had 6 spell levels left.
You didn't know any spells.
Your spell library contained the following spells:

 Spells                   Type           Power      Damage    Failure   Level
 Blink                    Tloc           0%         N/A       96%         2
 Manifold Assault         Tloc           0%         N/A       100%        5
 Storm Form               Tmut/Air       0%         N/A       100%        7


Dungeon Overview and Level Annotations

Branches:
Dungeon (5/15)
 Temple: D:4-7

Altars:
Ru
Trog
Uskayaw
Yredelemnul
The Shining One

Annotations:
D:5 Eustachio


Message History

As you read the scroll of identify, it crumbles to dust.
m - 2 potions of flight
As you read the scroll of identify, it crumbles to dust.
v - 2 potions of degeneration You climb downwards.
Level annotation: Eustachio The necrophage closely misses you.
The jelly barely misses you.
There is a stone staircase leading up, spattered with blood here.
The necrophage hits you but does no damage.
The jelly barely misses you.
You climb upwards.
There is a stone staircase leading down, spattered with blood here.
You see here an iguana skeleton.
You hit the necrophage.
The necrophage is lightly damaged.
You slash the jelly! The acid corrodes you!
Your hands burn!
The jelly hits you. The acid corrodes you!
You are splashed with acid!
The necrophage closely misses you. The jelly barely misses you.
The necrophage hits you.
You hit the jelly but do no damage.
Your hands burn!
The jelly is heavily wounded.
You closely miss the necrophage. The jelly misses you. The necrophage hits you.
You feel drained.
You hit the jelly but do no damage.
Your hands burn!
The jelly is heavily wounded.
You hit the necrophage. The jelly closely misses you. The necrophage hits you!
You feel drained.
You hit the jelly but do no damage.
Your hands burn!
The jelly is heavily wounded.
You hit the necrophage but do no damage.
The jelly hits you.
* * * LOW HITPOINT WARNING * * *
You are splashed with acid!
* * * LOW HITPOINT WARNING * * *
The necrophage hits you.
* * * LOW HITPOINT WARNING * * *
The jelly hits you.
* * * LOW HITPOINT WARNING * * *
You are splashed with acid.
You die...

#.#.# #.#.# ####.#.#
## #....#.####### #.
#.##.........# #.
##..#.#.......# #.
#...#......###### #.
#<.[)...........####.
#.#.@........##.#..(#
#..nJ.#.#.......#.#.#
####.##....#.#....#.#
#....#.##.##.###.#
####..........<...
#.#.#####...#.#
#.............#
###....####.###
####.# #....


You could see a necrophage and a jelly.

Vanquished Creatures
  2 scorpions
  2 orc priests (D:3)
  2 iguanas (D:4)
  5 adders
  A worm (D:2)
  A dart slug (D:1)
  11 orcs
  5 ball pythons
  10 endoplasms
  5 giant cockroaches
  5 goblins
  9 hobgoblins
  3 jackals (D:3)
  4 bats
  4 frilled lizards
  4 kobolds
  6 rats
79 creatures vanquished.

Notes
Turn   | Place    | Note
-------+----------+-------------------------------------------
     0 | D:1      | blackman the Human Monk began the quest for the Orb.
     0 | D:1      | Reached XP level 1. HP: 18/18 MP: 1/1
   939 | D:1      | Reached XP level 2. HP: 24/24 MP: 2/2
  1166 | D:1      | Reached skill level 1 in Maces & Flails
  1453 | D:1      | Reached XP level 3. HP: 29/29 MP: 3/3
  2549 | D:2      | Reached XP level 4. HP: 33/35 MP: 4/4
  2626 | D:2      | You fall into a shaft and drop 2 floors!
  3035 | D:3      | Reached skill level 4 in Axes
  3501 | D:2      | Reached XP level 5. HP: 41/41 MP: 5/5
  3593 | D:2      | Found a basalt altar of Yredelemnul.
  4268 | D:3      | Reached skill level 5 in Axes
  4512 | D:3      | Reached XP level 6. HP: 28/47 MP: 6/6
  4781 | D:3      | Found a glowing golden altar of the Shining One.
  4781 | D:3      | Found a bloodstained altar of Trog.
  5059 | D:4      | Reached skill level 6 in Axes
  5321 | D:4      | Found a hide-covered altar of Uskayaw.
  5322 | D:4      | Found a sacrificial altar of Ru.
  5572 | D:5      | Entered Level 5 of the Dungeon
  5573 | D:5      | Noticed Eustachio
  5932 | D:4      | Reached XP level 7. HP: 15/52 MP: 7/7
  6272 | D:4      | HP: 2/49 [necrophage (2)]
  6272 | D:4      | Splashed by a jelly's acid

Illustrated notes

Levels and vault maps discovered:
D:1:      evilmike_arrival_hilbert_curve, layout_basic
D:2:      layout_basic, basic_altar, st_stairs_4, nrook_loot_triangle
D:3:      layout_rooms, nicolae_overflow_two_pavilions,
          hangedman_abyss_or_decor_lesser_grid, minmay_randomly_rotated_circles
D:4:      layout_basic, gammafunk_temple_overflow_pools,
          kennysheep_small_spiral, hangedman_abyss_or_decor_slice
D:5:      layout_rooms, mainiacjoe_overflow_concentric_impassable,
          uniq_eustachio

Skill      XL: |  1  2  3  4  5  6 |
---------------+-------------------+-----
Maces & Flails | 1 2 |  2.7
Axes           | 4 5 6 |  6.6
Fighting       | |  3.0
Dodging        | |  3.0
Stealth        | |  2.0

Action                   |  1- 3 |  4- 6 |  7- 9 || total
-------------------------+-------+-------+-------++-------
Melee: Hand axe          |    21 |       |       ||    21
       Whip              |    82 |    28 |       ||   110
       War axe           |       |   112 |       ||   112
       Punch             |       |     2 |       ||     2
       Battleaxe         |       |     5 |     4 ||     9
Throw: Dart              |     4 |     6 |       ||    10
  Use: Potion            |     3 |     1 |       ||     4
       Scroll            |       |     2 |     5 ||     7
 Stab: Sleeping          |     7 |     2 |       ||     9
Armor: Robe              |    20 |     9 |       ||    29
       Scale mail        |       |    38 |     1 ||    39
Dodge: Dodged            |    57 |    98 |     7 ||   162
